 Dungeon Crawl Stone Soup version 0.22.1-6-g1668fe2c40 (webtiles) character file.

63109 Forgol the Grappler (level 14, -1/137 HPs)
             Began as a Troll Berserker on Jan 16, 2019.
             Was a High Priest of Trog.
             Slain by Rupert
             ... wielding a +2 great sword of slicing
              (21 damage)
             ... on level 1 of the Spider Nest.
             The game lasted 01:18:25 (18953 turns).

Forgol the Grappler (Troll Berserker)              Turns: 18953, Time: 01:18:26

Health: -1/137     AC: 17    Str: 35    XL:     14   Next: 66%
Magic:  13/13      EV: 11    Int:  3    God:    Trog [*****.]
Gold:   2187       SH: 23    Dex:  9    Spells: 13/13 levels left

rFire    . . .     SeeInvis +     - Unarmed
rCold    . . .     Gourm    +   L - +1 large shield
rNeg     . . .     Faith    .   Y - +4 troll leather armour
rPois    .         Spirit   .   D - +1 hat
rElec    .         Reflect  +   A - +1 cloak
rCorr    .         Harm     .   (gloves unavailable)
MR       +....                  (boots unavailable)
Stlth    ++........             g - +3 amulet of reflection
HPRegen  1.12/turn              m - +3 ring of protection
MPRegen  0.13/turn              H - ring of Juoluapn {*Corrode Str+3 SInv Stlth+}

@: lethally poisoned (-1 -> -1)
A: large, unfitting armour, claws 3, fast metabolism 3, gourmand, regeneration
1, shaggy fur 1, tough skin 2
a: Berserk, Trog's Hand, Brothers in Arms, Renounce Religion


You were on level 1 of the Spider Nest.
You worshipped Trog.
Trog was extremely pleased with you.
You were very full.

You visited 4 branches of the dungeon, and saw 21 of its levels.
You also visited: Sewer.

You collected 2187 gold pieces.

Inventory:

Hand Weapons
 N - a +0 giant spiked club
Missiles
 e - 8 large rocks (quivered)
 C - 6 silver javelins
 P - 2 javelins of returning
Armour
 k - a +2 robe of fire resistance
 A - a +1 cloak (worn)
 D - a +1 hat (worn)
 L - a +1 large shield (worn)
 Y - a +4 troll leather armour (worn)
Jewellery
 g - a +3 amulet of reflection (around neck)
 i - an uncursed ring of protection from fire
 m - a +3 ring of protection (left claw)
 r - an uncursed ring of flight
 w - an uncursed ring of ice
 x - an uncursed ring of poison resistance
 H - the ring of Juoluapn (right claw) {*Corrode Str+3 SInv Stlth+}
   (You acquired it on level 9 of the Dungeon)

   [ring of strength]

   It affects your strength (+3).
   It lets you see invisible.
   It may corrode you when you take damage.
   It makes you more stealthy.
 V - an uncursed ring of fire
Wands
 l - a wand of paralysis (10)
 J - a wand of acid (7)
 K - a wand of enslavement (33)
 Q - a wand of flame (11)
 W - a wand of disintegration (33)
 X - a wand of polymorph (30)
 Z - a wand of iceblast (16)
Scrolls
 d - 8 scrolls of fear
 f - 7 scrolls of remove curse
 h - a scroll of enchant weapon
 j - a scroll of magic mapping
 u - 9 scrolls of identify
 y - a scroll of summoning {unknown}
 z - a scroll of holy word {unknown}
 M - 6 scrolls of teleportation
 O - 2 scrolls of blinking {unknown}
 R - 2 scrolls of immolation {unknown}
 T - 2 scrolls of fog
 U - a scroll of random uselessness {unknown}
Potions
 c - 2 potions of flight
 n - 2 potions of berserk rage {unknown}
 o - 6 potions of cancellation
 p - 2 potions of heal wounds
 q - 2 potions of brilliance {unknown}
 t - a potion of haste
 v - 6 potions of curing
 B - 2 potions of invisibility {unknown}
 E - 3 potions of agility
 F - 3 potions of mutation {unknown}
 G - 2 potions of might {unknown}
 I - a potion of degeneration {unknown}
 S - a potion of ambrosia {unknown}
Comestibles
 b - 36 rations


   Skills:
 + Level 8.9 Fighting
 - Level 10.5 Maces & Flails
 + Level 6.2 Throwing
 - Level 7.8 Dodging
 + Level 9.2 Shields
 * Level 14.9 Unarmed Combat


You had 13 spell levels left.
You didn't know any spells.
Your spell library was empty.

Dungeon Overview and Level Annotations

Branches:
Dungeon (12/15)            Temple (0/1) D:5            Lair (6/6) D:11
 Shoals (0/4) Lair:2       Spider (1/4) Lair:2        Slime (0/5) Lair:5
    Orc (2/2) D:11            Elf (0/3) Orc:2

Altars:
Nemelex Xobeh
Ru
Sif Muna
Trog
Beogh

Shops:
Orc:2 :[(*

Portals:
Trove: D:12 (lose all piety)

Annotations:
D:6 2 transporters
Lair:4 exclusion: 3 oklob plants
Spider:1 Rupert


Innate Abilities, Weirdness & Mutations

You are too large for most types of armour.
You have claws for hands.
Your metabolism is lightning-fast.
You like to eat raw meat.
Your natural rate of healing is unusually fast.
You are covered in fur. (AC +1)
You have very tough skin. (AC +2)


Message History

Your two-headed ogre hits Rupert with a giant spiked club!!
Your two-headed ogre misses Rupert.
Rupert rages.
The wolf spider barely misses your two-headed ogre. x2
Your ogre hits the wolf spider with a giant spiked club!!!
Rupert hits you with a great sword of slicing!!
* * * LOW HITPOINT WARNING * * *
x2 Your two-headed ogre hits Rupert with a giant spiked club!
Your two-headed ogre barely misses Rupert.
The wolf spider hits your two-headed ogre!
The wolf spider bites your two-headed ogre!
Your two-headed ogre looks as sick as possible!
The wolf spider poisons your two-headed ogre!
You hear a hideous shriek!
You feel much better.
You feel sick.
Your ogre hits the wolf spider with a giant spiked club!!
The wolf spider dies!
Trog accepts your kill.
Rupert hits you with a great sword of slicing!!
You die...

.#..#...## ##..#....##
.#..#.....# ##########
#####.....# ##.#.#.#..##
.#.......#####......#(..#
.#......###.##........####
.#........^.#^...........#
.........††.#....O......##
................@@†O#...#
.......###..††....###..###
.......)..†....#####.....##
###.....#..........##..>..#
#..p.. #^..........#....##
..... #..........##.....#
............#....##........
............#.....#..#...(#
........#####.#.###..#...##


You could see Rupert (berserk), a friendly two-headed ogre (berserk) and a
friendly ogre (berserk).

Vanquished Creatures
  An entropy weaver (Spider:1)
  Erolcha (Orc:1)
  7 hydras
  An orc high priest (Orc:2)
  A two-headed ogre (D:12)
  2 skeletal warriors (D:11)
  An unseen horror (D:12)
  3 orc knights (Orc:2)
  3 orc sorcerers (Orc:2)
  An ugly thing (D:10)
  2 manticores (D:12)
  An oklob plant (Lair:5)
  A cyclops (Orc:2)
  11 elephants
  A centaur zombie (D:10)
  7 black mambas
  11 spiny frogs
  2 gargoyles
  A centaur skeleton (D:10)
  4 komodo dragons
  5 rime drakes
  6 polar bears
  3 jumping spiders (Lair:2)
  3 hornets
  A troll (D:11)
  11 hippogriffs
  3 slime creatures (Lair:5)
  A dream sheep (Lair:6)
  21 blink frogs
  A tarantella (Spider:1)
  A vampire (D:12)
  14 redbacks
  A shadow (D:12)
  14 spriggans (Lair:6)
  4 wyverns
  A wraith (D:12)
  13 yaks
  A hungry ghost (D:8)
  A vampire mosquito (D:11)
  Menkaure (D:7)
  4 wargs
  7 water moccasins
  6 porcupines
  23 orc warriors
  6 black bears
  2 ice beasts
  5 sky beasts
  2 phantoms
  6 ogres
  A necrophage (D:10)
  4 centaurs
  30 wolves
  5 boggarts (Lair:6)
  10 crocodiles
  4 big kobolds
  14 bullfrogs
  2 wyvern skeletons
  3 scorpions
  11 wights
  13 killer bees
  2 electric eels
  5 crimson imps
  5 howler monkeys
  A bullfrog zombie (D:7)
  4 jellies
  2 lava snakes (D:10)
  3 quasits
  A wyvern simulacrum (Lair:2)
  6 hounds
  11 orc priests
  A bullfrog skeleton (D:8)
  3 iguanas
  6 worker ants
  20 orc wizards
  4 hell rats (Lair:6)
  A polar bear simulacrum (Lair:2)
  A yak simulacrum (Lair:2)
  A killer bee zombie (D:5)
  2 bullfrog simulacra (Lair:2)
  2 hound skeletons
  2 hound zombies
  Robin (D:3)
  6 adders
  7 gnolls
  A howler monkey skeleton (D:8)
  A crocodile simulacrum (Lair:2)
  6 shadow imps
  2 oozes (D:1)
  4 worms
  4 dart slugs
  6 leopard geckos
  72 orcs
  13 bats
  4 giant cockroaches
  17 goblins
  14 hobgoblins
  22 jackals
  3 quokkas
  3 ball pythons
  8 frilled lizards
  A jackal skeleton (D:4)
  26 kobolds
  A quokka skeleton (D:4)
  2 quokka zombies
  14 rats
  A fungus (D:7)
  2 plants (D:5)
650 creatures vanquished.

Vanquished Creatures (collateral kills)
  Kirke (Spider:1)
  An orc warlord (Orc:2)
  Harold (D:7)
  The ghost of iVAG the Destroyer, a journeyman DrCj of Vehumet (Lair:2)
  A two-headed ogre (D:9)
  Nergalle (Orc:2)
  2 skeletal warriors (D:11)
  A manticore (D:12)
  A wolf spider (Spider:1)
  2 komodo dragons (Lair:5)
  A rime drake (Lair:2)
  Prince Ribbit (D:7)
  2 jumping spiders (Lair:2)
  A troll (D:11)
  A hornet (Lair:6)
  2 redbacks (Spider:1)
  5 yaks
  A hog (Spider:1)
  A porcupine (Lair:5)
  2 killer bees (D:11)
  2 orc wizards (D:9)
  2 orc priests
  A bullfrog skeleton (D:12)
  A leopard gecko (D:7)
  6 orcs
  2 jackals (D:7)
43 creatures vanquished.

Vanquished Creatures (others)
  A redback (Spider:1)
  A human (Spider:1)
  2 centaurs
  2 orc wizards
  A kobold (D:3)
  A fungus (Lair:6)
  8 plants
16 creatures vanquished.

Grand Total: 709 creatures vanquished

Notes
Turn   | Place    | Note
-------+----------+-------------------------------------------
     0 | D:1      | Forgol the Troll Berserker began the quest for the Orb.
     0 | D:1      | Reached XP level 1. HP: 22/22 MP: 0/0
    52 | D:1      | Reached XP level 2. HP: 29/29 MP: 1/1
   198 | D:1      | Reached skill level 4 in Unarmed Combat
   238 | D:1      | Reached XP level 3. HP: 35/36 MP: 2/2
   293 | D:1      | Reached ** piety under Trog
   970 | D:2      | Reached skill level 5 in Unarmed Combat
   970 | D:2      | Reached XP level 4. HP: 44/44 MP: 3/3
  1249 | D:2      | Reached XP level 5. HP: 50/50 MP: 4/4
  1307 | D:2      | Reached *** piety under Trog
  1307 | D:2      | Received a gift from Trog
  1661 | D:3      | Reached skill level 6 in Unarmed Combat
  1712 | D:3      | Found a sparkling altar of Nemelex Xobeh.
  2084 | D:3      | Reached skill level 1 in Throwing
  2186 | D:3      | Noticed Robin
  2212 | D:3      | Killed Robin
  2220 | D:3      | Reached XP level 6. HP: 59/59 MP: 5/5
  2320 | D:3      | Reached **** piety under Trog
  2534 | D:3      | Received a gift from Trog
  2822 | D:4      | Reached skill level 7 in Unarmed Combat
  2916 | D:4      | Reached XP level 7. HP: 63/66 MP: 6/6
  3726 | D:5      | Entered Level 5 of the Dungeon
  3899 | D:5      | Found a staircase to the Ecumenical Temple.
  3969 | D:5      | Found a glowing drain.
  3974 | Sewer    | Entered a sewer
  4825 | D:6      | Reached XP level 8. HP: 73/75 MP: 7/7
  4980 | D:6      | Reached skill level 8 in Unarmed Combat
  4992 | D:6      | Reached ***** piety under Trog
  5055 | D:6      | Found a transporter.
  5135 | D:6      | Noticed a kobold demonologist
  5138 | D:6      | Found a transporter.
  5513 | D:7      | Noticed Menkaure
  5519 | D:7      | Killed Menkaure
  5650 | D:7      | Reached skill level 9 in Unarmed Combat
  5771 | D:7      | Noticed Prince Ribbit
  5776 | D:7      | Noticed Harold
  5796 | D:7      | Killed Harold
  5796 | D:7      | Reached XP level 9. HP: 13/85 MP: 8/8
  5799 | D:7      | Killed Prince Ribbit
  6002 | D:7      | Reached skill level 5 in Throwing
  6218 | D:7      | Found a bloodstained altar of Trog.
  6468 | D:7      | Reached skill level 5 in Dodging
  6519 | D:7      | Reached skill level 5 in Fighting
  6519 | D:7      | Reached skill level 10 in Unarmed Combat
  6986 | D:8      | Reached XP level 10. HP: 84/96 MP: 9/9
  7648 | D:9      | Reached skill level 1 in Shields
  7650 | D:9      | Noticed a two-headed ogre
  7681 | D:9      | Killed a two-headed ogre
  7681 | D:9      | Reached skill level 11 in Unarmed Combat
  7885 | D:9      | Found a sacrificial altar of Ru.
  7885 | D:9      | Found a deep blue altar of Sif Muna.
  8407 | D:9      | Received a gift from Trog
  8416 | D:9      | Identified a scroll of acquirement
  8417 | D:9      | Got a steaming silver ring
  8419 | D:9      | Identified the ring of Juoluapn {*Corrode Str+3 SInv
                  | Stlth+} (You acquired it on level 9 of the Dungeon)
  8587 | D:10     | Entered Level 10 of the Dungeon
  8668 | D:10     | Noticed a brown ugly thing
  8686 | D:10     | Killed a brown ugly thing
  8729 | D:10     | Upgraded the game from 0.22.1-5-g62c59d919a to
                  | 0.22.1-6-g1668fe2c40
  8816 | D:10     | Noticed a gargoyle
  8827 | D:10     | Killed a gargoyle
  9159 | D:10     | Reached XP level 11. HP: 107/107 MP: 10/10
  9374 | D:10     | Reached skill level 12 in Unarmed Combat
  9592 | D:11     | Noticed a skeletal warrior
  9594 | D:11     | Noticed a skeletal warrior
  9594 | D:11     | Noticed a skeletal warrior
  9606 | D:11     | Killed a skeletal warrior
  9610 | D:11     | Killed a skeletal warrior
  9614 | D:11     | Killed a skeletal warrior
  9619 | D:11     | Noticed a skeletal warrior
  9626 | D:11     | Killed a skeletal warrior
  9797 | D:11     | Found a staircase to the Lair.
 10249 | D:11     | Found a staircase to the Orcish Mines.
 10530 | D:12     | Noticed a two-headed ogre
 10539 | D:12     | Killed a two-headed ogre
 10539 | D:12     | Reached skill level 13 in Unarmed Combat
 10660 | D:12     | Reached skill level 5 in Shields
 11103 | D:12     | Noticed an unseen horror
 11109 | D:12     | Killed an unseen horror
 11109 | D:12     | Reached XP level 12. HP: 118/118 MP: 11/11
 11171 | D:12     | Found a portal to a secret trove of treasure.
 11227 | Lair:1   | Entered Level 1 of the Lair of Beasts
 12319 | Lair:2   | Found a hole to the Spider Nest.
 12383 | Lair:2   | Reached skill level 14 in Unarmed Combat
 12418 | Lair:2   | Noticed a four-headed hydra
 12425 | Lair:2   | Killed a seven-headed hydra
 12433 | Lair:2   | Received a gift from Trog
 12570 | Lair:2   | Found a runed gate.
 12572 | Lair:2   | Found a runed gate.
 12572 | Lair:2   | Found a runed gate.
 12652 | Lair:2   | Noticed iVAG's ghost (journeyman DrCj)
 12661 | Lair:2   | Killed iVAG's ghost
 12776 | Lair:2   | Found a staircase to the Shoals.
 13155 | Lair:3   | Noticed a four-headed hydra
 13236 | Lair:3   | Noticed a five-headed hydra
 13458 | Lair:3   | Killed a five-headed hydra
 13458 | Lair:3   | Reached skill level 1 in Maces & Flails
 13464 | Lair:3   | Killed a ten-headed hydra
 13464 | Lair:3   | Reached XP level 13. HP: 128/128 MP: 12/12
 14197 | Lair:4   | Reached skill level 5 in Maces & Flails
 14636 | Lair:4   | Found the +2 robe of Vines {NoPotionHeal Regen+7}
 15300 | Lair:5   | Received a gift from Trog
 15349 | Lair:5   | Found a staircase to the Slime Pits.
 15867 | Lair:6   | Entered Level 6 of the Lair of Beasts
 16347 | Lair:6   | Reached XP level 14. HP: 77/137 MP: 13/13
 16963 | Lair:6   | Reached skill level 10 in Maces & Flails
 17014 | Lair:6   | Received a gift from Trog
 17312 | Orc:1    | Entered Level 1 of the Orcish Mines
 17319 | Orc:1    | Noticed Erolcha
 17329 | Orc:1    | Received a gift from Trog
 17334 | Orc:1    | Paralysed by Erolcha for 5 turns
 17342 | Orc:1    | Killed Erolcha
 17679 | Orc:2    | Entered Level 2 of the Orcish Mines
 17756 | Orc:2    | Noticed Nergalle
 17800 | Orc:2    | Noticed an orc warlord
 17870 | Orc:2    | Found a staircase to the Elven Halls.
 17885 | Orc:2    | Paralysed by an orc sorcerer for 2 turns
 17924 | Orc:2    | Killed an orc warlord
 17926 | Orc:2    | Killed Nergalle
 18152 | Orc:2    | Found a roughly hewn altar of Beogh.
 18159 | Orc:2    | Found Fykijugo's Antique Armour Emporium.
 18195 | Orc:2    | Found Varec's General Store.
 18210 | Orc:2    | Found Jat Gys's Antique Weapon Emporium.
 18231 | Orc:2    | Paralysed by an orc sorcerer for 3 turns
 18265 | Orc:2    | Found Idinau's Book Emporium.
 18745 | Spider:1 | Entered Level 1 of the Spider Nest
 18751 | Spider:1 | Noticed Kirke
 18759 | Spider:1 | Killed Kirke
 18823 | Spider:1 | Noticed an entropy weaver
 18829 | Spider:1 | Killed an entropy weaver
 18937 | Spider:1 | Noticed Rupert
 18952 | Spider:1 | HP: 2/137 [Rupert/great sword of slicing (18)]
 18953 | Spider:1 | Slain by Rupert

Skill      XL: |  1  2  3  4  5  6  7  8  9 10 11 12 13 14 |
---------------+-------------------------------------------+-----
Unarmed Combat | 4 5 6 7 9 10 11 13 14 | 14.9
Throwing       | 1 2 3 4 5 6 |  6.2
Dodging        | 3 4 5 6 7 |  7.8
Fighting       | 3 4 5 6 7 8 |  8.9
Shields        | 3 5 6 7 9 |  9.2
Maces & Flails | 2 9 10 | 10.5

Action                   |  1- 3 |  4- 6 |  7- 9 | 10-12 | 13-15 || total
-------------------------+-------+-------+-------+-------+-------++-------
Melee: Unarmed           |   104 |   191 |   282 |   646 |   654 ||  1877
       Punch             |       |     5 |    11 |       |       ||    16
 Fire: Blowgun           |       |       |     5 |       |       ||     5
Throw: Javelin           |       |     3 |     3 |     4 |    23 ||    33
       Tomahawk          |       |       |    20 |    41 |       ||    61
       Large rock        |       |       |       |     3 |       ||     3
Invok: Berserk           |     2 |     5 |    10 |    20 |    16 ||    53
       Trog's Hand       |       |     1 |     1 |     2 |     1 ||     5
       Brothers in Arms  |       |       |     1 |     9 |     7 ||    17
  Use: Scroll            |     2 |     4 |     9 |    11 |     1 ||    27
       Potion            |       |       |       |     4 |     1 ||     5
 Stab: Sleeping          |       |       |       |     1 |     3 ||     4
       Distracted        |       |       |       |     1 |       ||     1
  Eat: Chunk             |    15 |    25 |    53 |    82 |    68 ||   243
Armor: Animal skin       |    38 |    60 |       |       |       ||    98
       Robe              |       |     1 |   101 |    47 |       ||   149
       Troll leather arm |       |       |       |   191 |   140 ||   331
Dodge: Dodged            |    66 |    69 |    91 |   163 |   134 ||   523
Block: Other             |     1 |    22 |    27 |       |       ||    50
       Reflection        |       |     4 |     3 |    22 |    13 ||    42
       Large shield      |       |       |       |   688 |   686 ||  1374
